 Dungeon Crawl Stone Soup version 0.21-a0-128-gf2b353c (webtiles) character file.

352 kuniqs the Firebug (level 6, -4/32 HPs)
             Began as a Deep Elf Fire Elementalist on July 16, 2017.
             Slain by a big kobold
             ... wielding a +0 short sword
              (6 damage)
             ... in a sewer.
             The game lasted 00:05:38 (3571 turns).

kuniqs the Firebug (Deep Elf Fire Elementalist)     Turns: 3571, Time: 00:05:39

Health: -4/32      AC:  2    Str:  5    XL:     6   Next: 35%
Magic:  9/15       EV: 13    Int: 22    God:
Gold:   252        SH:  0    Dex: 15    Spells: 4/14 levels left

rFire    . . .     SeeInvis .   o - +0 short sword
rCold    . . .     Gourm    .   (no shield)
rNeg     . . .     Faith    .   a - +0 robe
rPois    .         Spirit   .   (no helmet)
rElec    .         Reflect  .   (no cloak)
rCorr    .         Harm     .   (no gloves)
MR       .....                  (no boots)
Stlth    ++........             (no amulet)
HPRegen  0.10/turn              (no ring)
MPRegen  0.14/turn              (no ring)

@: lethally poisoned (-4 -> -21)
A: no striking features
a: no special abilities


You were in a sewer.
You were not hungry.

You visited 1 branch of the dungeon, and saw 4 of its levels.
You also visited: Sewer.

You collected 252 gold pieces.

Inventory:

Hand Weapons
 o - a +0 short sword (weapon)
Armour
 a - a +0 robe (worn)
Scrolls
 c - a scroll of fog {unknown}
 h - 2 scrolls of recharging
 i - 5 scrolls of identify {@r1}
 l - a scroll of enchant armour {unknown}
 m - 2 scrolls of amnesia
 n - 2 scrolls of blinking {unknown}
 q - 3 scrolls of remove curse {@r2}
 r - 3 scrolls of noise {unknown}
Potions
 p - a potion of mutation {unknown}
Books
 b - a book of Flames

   Spells                             Type                      Level
   a - Flame Tongue                   Conjuration/Fire             1
   b - Throw Flame                    Conjuration/Fire             2
   c - Conjure Flame                  Conjuration/Fire             3
   d - Inner Flame                    Hexes/Fire                   3
   e - Sticky Flame                   Conjuration/Fire             4
   f - Fireball                       Conjuration/Fire             5
Comestibles
 d - 3 bread rations
 e - a meat ration
 f - 2 fruits
 g - a royal jelly


   Skills:
 - Level 2.4 Dodging
 - Level 2.4 Stealth
 + Level 4.7 Spellcasting
 * Level 4.6 Conjurations
 * Level 5.5 Fire Magic


You had 4 spell levels left.
You knew the following spells:

 Your Spells              Type           Power        Failure   Level  Hunger
a - Flame Tongue          Conj/Fire      ####.        1%          1    None
b - Throw Flame           Conj/Fire      ####..       1%          2    None
c - Conjure Flame         Conj/Fire      ####....     3%          3    ##.....
d - Sticky Flame          Conj/Fire      ####....     13%         4    ####...


Dungeon Overview and Level Annotations

Branches:
Dungeon (4/15)
 Temple: D:4-7

Altars:

Annotations:
D:3 1 runed door, namelastname112's ghost, amateur DrCj Sewer Grinder; namelastname112's ghost, amateur DrCj


Message History

The quasit claws you but does no damage.
The quasit misses you.
* * * LOW HITPOINT WARNING * * *
You feel sick. The bat closely misses you.
Grinder says, "What is the universe for?"
The big kobold barely misses you. The bat closely misses you.
The kobold barely misses you.
The giant cockroach zombie bites you but does no damage.
* * * LOW HITPOINT WARNING * * *
You feel sick.
The kobold shouts!
The bat misses you.
The giant cockroach zombie closely misses you.
The kobold throws a stone.
The stone barely misses you.
You see here a stone.
* * * LOW HITPOINT WARNING * * *
You feel sick. The bat barely misses you. The bat misses you.
The giant cockroach zombie misses you.
The big kobold hits you with a short sword.
You die...

#'''# #### ##...##
####
###...##.§.§.##...###
##!..≈.'((..(..'.≈.5K#
∩!(..≈.'(§._K§.'.≈..$)
##!..≈KKs5K5K..'.≈..!#
###.K.##5S§KK##...###
#### ##ZbK## #### ####
####@#### .#≈ ≈#...#≈
.≈ ......≈ #.
...#.≈≈#...
#'#######≈#######+#
#.W.5..#≈≈≈#......#
#≈≈.≈..#≈≈≈#..≈≈≈≈#
#≈≈≈≈....≈...≈≈≈≈≈#
#≈≈≈≈≈≈#≈..#≈≈≈≈≈≈#


You could see Grinder, a big kobold, a quasit, an adder, a shadow imp, a giant
cockroach zombie, a giant cockroach, a bat and 6 kobolds.

Vanquished Creatures
  An ogre (D:4)
  Natasha (thrice) (D:2)
  A worker ant (D:4)
  2 big kobold zombies (Sewer)
  5 adders
  A shadow imp (Sewer)
  An ufetubus (Sewer)
  A worm (D:2)
  2 dart slugs
  2 leopard geckos
  3 orcs (D:4)
  6 giant cockroaches
  8 goblins
  6 hobgoblins
  6 jackals
  16 kobolds
  5 bats
  A giant cockroach zombie (Sewer)
  7 rats
77 creatures vanquished.

Vanquished Creatures (others)
  2 oozes (Sewer)
  A giant cockroach zombie (Sewer)
3 creatures vanquished.

Grand Total: 80 creatures vanquished

Notes
Turn   | Place    | Note
-------+----------+-------------------------------------------
     0 | D:1      | kuniqs the Deep Elf Fire Elementalist began the quest for the Orb.
     0 | D:1      | Reached XP level 1. HP: 10/10 MP: 6/6
   371 | D:1      | Reached XP level 2. HP: 15/15 MP: 6/8
   378 | D:1      | Learned a level 2 spell: Throw Flame
   943 | D:1      | Reached XP level 3. HP: 17/19 MP: 8/10
   948 | D:1      | Learned a level 3 spell: Conjure Flame
  1351 | D:2      | Reached skill level 4 in Fire Magic
  1454 | D:2      | Noticed Natasha
  1456 | D:2      | Killed Natasha
  1456 | D:2      | Reached XP level 4. HP: 24/24 MP: 5/11
  1512 | D:2      | Noticed Natasha
  1519 | D:2      | Killed Natasha
  1685 | D:2      | Noticed Natasha
  1691 | D:2      | Killed Natasha
  2096 | D:3      | Reached XP level 5. HP: 28/28 MP: 9/13
  2187 | D:3      | Learned a level 4 spell: Sticky Flame
  2422 | D:3      | Found a runed door.
  2729 | D:3      | Noticed namelastname112's ghost (amateur DrCj)
  2840 | D:4      | Noticed an ogre
  2844 | D:4      | Killed an ogre
  2844 | D:4      | Reached skill level 5 in Fire Magic
  3096 | D:4      | Reached XP level 6. HP: 32/32 MP: 8/14
  3146 | D:4      | Found a glowing drain.
  3156 | Sewer    | Entered a sewer
  3543 | Sewer    | Noticed namelastname112's ghost (amateur DrCj)
  3548 | Sewer    | Found a burning altar of Makhleb.
  3559 | Sewer    | Noticed Grinder
  3571 | Sewer    | Slain by a big kobold

Vault maps used:
D:1:      dpeg_arrival_pond, chequers_big_river
D:2:      uniq_natasha
D:3:      cheibrodos_pilgrimage, uniq_crazy_yiuf_cottage
D:4:      minitemple, temple_hall, portal_sewer_entry_d, first_bread
Sewer:    kennysheep_sewer_church

Skill      XL: |  1  2  3  4  5 |
---------------+----------------+-----
Conjurations   | 2 3 4 |  4.6
Fire Magic     | 4 5 |  5.5
Spellcasting   | 4 |  4.7
Dodging        | |  2.4
Stealth        | |  2.4

Action                   |  1- 3 |  4- 6 || total
-------------------------+-------+-------++-------
Melee: Unarmed           |     1 |     6 ||     7
       Short sword       |       |     1 ||     1
 Cast: Flame Tongue      |    32 |    38 ||    70
       Throw Flame       |    21 |    68 ||    89
  Use: Scroll            |       |     6 ||     6
       Potion            |       |     2 ||     2
  Eat: Chunk             |     2 |     7 ||     9
Armor: Robe              |     1 |    15 ||    16
Dodge: Dodged            |     5 |    66 ||    71
